AoeStats
← bumbsbomba74

Lombardia

509127097Analyzed
3v3 RM · 8d ago on Sep 25, 2026· 38m 48s· 6 players
Game mode
Random Map
Map size
Normal (6 player)
Population
200
Speed
Normal
Resources
Standard
Victory
Conquest
Starting age
Dark Age
Ending age
Imperial Age
RankedLock teamsTeams togetherTeam positionsShared explorationLock speedFull tech treeHidden civsTurbo modeCheats
Victory
Defeat
🇩🇪 Goths · Germany
1212
+10
🇩🇪 Britons · Germany
1097
+15
🇩🇪 Huns · Germany
1022
+17
🇺🇸 Magyars · United States
1093
-15
🇷🇺 Slavs · Russia
1066
-14
🇩🇪 Persians · Germany
1049
-13
MarakoN1
8:09 Loom
12:06 Feudal Age
12:37 Feudal Age
13:04 Double-Bit Axe
13:32 Horse Collar
14:41 Wheelbarrow
16:08 Fletching
18:24 Town Watch
21:56 Castle Age
20:28 Stone Mining
23:11 Bodkin Arrow
23:22 Scale Barding Armor
23:46 Bow Saw
27:25 Heavy Plow
32:43 Hand Cart
37:11 Imperial Age
35:25 Ballistics
36:12 Husbandry
36:22 Bloodlines
37:19 Chain Barding Armor
38:08 Hoardings
37:48 Murder Holes
39:01 Masonry
39:11 Citadels
39:22 Conscription
39:17 Forging
Sir. Totally Average
6:57 Loom
9:48 Feudal Age
10:17 Double-Bit Axe
10:16 Horse Collar
14:38 Fletching
25:51 Castle Age
26:40 Thumb Ring
26:16 Crossbowman
27:01 Padded Archer Armor
27:57 Heavy Plow
28:09 Bow Saw
28:46 Bodkin Arrow
31:19 Wheelbarrow
32:30 Murder Holes
34:01 Gold Mining
37:30 Gold Shaft Mining
38:21 Masonry
TheAnatolich
10:15 Loom
12:12 Feudal Age
13:55 Horse Collar
14:02 Double-Bit Axe
25:48 Castle Age
24:56 Wheelbarrow
24:49 Gold Mining
27:44 Heavy Plow
28:16 Bow Saw
29:49 Forging
29:44 Scale Barding Armor
30:44 Gold Shaft Mining
30:28 Bloodlines
30:18 Husbandry
30:33 Stone Mining
32:02 Iron Casting
33:27 Hand Cart
34:34 Chain Barding Armor
38:23 Imperial Age
35:45 Town Watch
38:22 Scale Mail Armor
38:01 Man-at-Arms
38:42 Squires
Panda
9:52 Feudal Age
12:51 Double-Bit Axe
16:51 Loom
20:02 Fletching
20:13 Padded Archer Armor
22:57 Castle Age
22:06 Gold Mining
22:58 Crossbowman
24:56 Bow Saw
24:48 Bodkin Arrow
27:38 Ballistics
34:12 Wheelbarrow
36:51 Leather Archer Armor
39:09 Imperial Age
bumbsbomba74
8:54 Feudal Age
9:24 Double-Bit Axe
10:44 Horse Collar
18:54 Castle Age
20:00 Heavy Plow
20:11 Bow Saw
25:13 Scale Barding Armor
29:39 Wheelbarrow
32:25 Imperial Age
30:00 Marauders
30:14 Forging
31:24 Bloodlines
31:15 Husbandry
31:14 Gold Mining
32:29 Gold Shaft Mining
32:50 Hand Cart
33:03 Chain Barding Armor
33:24 Town Watch
33:25 Loom
34:51 Plate Barding Armor
36:18 Iron Casting
36:06 Conscription
35:55 Town Patrol
37:02 Two-Man Saw
36:30 Pikeman
37:10 Squires
37:41 Scale Mail Armor
37:52 Elite Tarkan
40:00 Blast Furnace
drive
1:57 Loom
10:31 Feudal Age
12:03 Man-at-Arms
14:56 Double-Bit Axe
23:37 Horse Collar
24:07 Scale Mail Armor
24:18 Forging
26:42 Castle Age
25:10 Stone Mining
27:15 Wheelbarrow
28:12 Chain Mail Armor
28:33 Iron Casting
28:01 Squires
27:22 Long Swordsman
28:56 Anarchy
30:53 Bow Saw
35:41 Hand Cart
36:04 Heavy Plow
36:58 Pikeman
39:08 Town Watch
Connection lost

Rejoining the realm…

Still unreachable

The connection could not be restored.

Session expired

The server has moved on; the page needs a fresh start.